 Dungeon Crawl Stone Soup version 0.24-a0-769-g368c164 (webtiles) character file.

Game seed: 15718130963087508463, levelgen mode: deterministic

200 2tousent the Ruffian (level 5, 0/60 HPs)
             Began as a Draconian Transmuter on Oct 4, 2019.
             Was an Initiate of Ru.
             Slain by an orc wizard
             ... wielding a +0 dagger
              (2 damage)
             ... on level 3 of the Dungeon.
             The game lasted 00:10:20 (2623 turns).

2tousent the Ruffian (Draconian Transmuter)         Turns: 2623, Time: 00:10:21

Health: 0/60       AC: 22    Str: 17    XL:     5   Next: 49%
Magic:  2/9        EV:  2    Int: 13    God:    Ru [......]
Gold:   98         SH:  0    Dex: 11    Spells: 1/9 levels left

rFire    . . .     SeeInvis .     - Unarmed
rCold    . . .     Gourm    .   (no shield)
rNeg     + + +     Faith    .   (armour unavailable)
rPois    +         Spirit   .   (helmet currently unavailable)
rElec    .         Reflect  .   (cloak currently unavailable)
rCorr    .         Harm     .   (gloves currently unavailable)
MR       .....     NoTele   +   (boots currently unavailable)
Stlth    +.........             (no amulet)
HPRegen  0.20/turn              (no ring)
MPRegen  0.11/turn              (no ring)

@: mighty, tree-form, hasted, very quick
A: unfitting armour, weak 1, AC +5
a: Renounce Religion


You were on level 3 of the Dungeon.
You worshipped Ru.
Ru was noncommittal.
You were hungry.
You were a tree.
You visited 1 branch of the dungeon, and saw 3 of its levels.

You collected 98 gold pieces.

Inventory:

Missiles
 a - 42 arrows
Armour
 g - a +0 cloak
 u - a +2 cloak of invisibility (melded)
Jewellery
 f - an uncursed ring of protection from magic {unknown}
 t - an uncursed ring of resist corrosion
Wands
 s - a wand of random effects (10)
Scrolls
 b - 2 scrolls of fog {unknown}
 j - 3 scrolls of identify {unknown}
 l - 2 scrolls of blinking {unknown}
 n - a scroll of teleportation {unknown}
 p - a scroll of amnesia {unknown}
 q - 2 scrolls of immolation {unknown}
Potions
 d - a potion of curing {unknown}
 e - a potion of haste
 h - a potion of magic {unknown}
 i - a potion of resistance {unknown}
 k - a potion of ambrosia {unknown}
 m - a potion of heal wounds {unknown}
 r - 2 potions of might
Comestibles
 c - 4 rations
 v - a chunk of flesh


   Skills:
 - Level 1.1 Fighting
 - Level 1.7 Dodging
 * Level 4.2 Unarmed Combat
 + Level 2.7 Spellcasting
 * Level 3.4 Transmutations
 * Level 1.0 Ice Magic
 * Level 2.0 Poison Magic


You had one spell level left.
You knew the following spells:

 Your Spells              Type           Power        Failure   Level  Hunger
a - Beastly Appendage     Tmut           ##....       5%          1    #......
b - Spider Form           Tmut/Pois      #.........   22%         3    ###....
c - Ice Form              Ice/Tmut       #.......     67%         4    #####..

Your spell library contained the following spells:

 Spells                   Type           Power        Failure   Level  Hunger
 Animate Skeleton         Necr           N/A          24%         1    #......
 Apportation              Tloc           #.....       24%         1    #......
 Confusing Touch          Hex            #.....       24%         1    #......
 Summon Small Mammal      Summ           #...         24%         1    #......
 Sticks to Snakes         Tmut           ##......     9%          2    ###....
 Blade Hands              Tmut           ##........   83%         5    ######.


Dungeon Overview and Level Annotations

Branches:
Dungeon (3/15)

Altars:
Cheibriados
Hepliaklqana
Kikubaaqudgha
Ru
Sif Muna
Xom
The Shining One


Innate Abilities, Weirdness & Mutations

((Your plain brown scales are hard. (AC +5)))
You cannot fit into any form of body armour.
((You are cold-blooded and may be slowed by cold attacks.))
You are weak. (Str -2)


Message History

The orc misses you.
You hear some strange, mumbled words.
Something tries to affect you, but you resist.
You bite something! The orc hits you.
* * * LOW HITPOINT WARNING * * *
Something hits you.
* * * LOW HITPOINT WARNING * * *
You kill the orc!
It was a potion of haste.
You feel yourself speed up. Something hits you.
* * * LOW HITPOINT WARNING * * *
It was a potion of might.
You feel very mighty all of a sudden.
It was a potion of lignification.
Your transformation has ended.
Your +2 cloak of invisibility unmelds from your body.
You become transparent for a moment.
You turn into a tree.
Your +2 cloak of invisibility melds into your body.
Your roots penetrate the ground.
Something hits you but does no damage.
You closely miss something. Something hits you.
You die...

.# #........... #......)#
.##..≈...≈..#.# #####...##
.#$...........####
##.....## .#⌠.
.........##.### ##.......#
.#
........#.....###.........#
.#
≈...≈....$....).'.........+
.##
.......###..).###.........#
..#########. ##{###
##.......#.. ............
#♣# ##.....##.#
#...######## #.# ##...##
##.## #.# #+## #.# #.# #.#
#.# #.# #.# #.# #.# ##.#
... ...# #.#


There were no monsters in sight!

Vanquished Creatures
  An orc priest (D:3)
  Terence (D:2)
  7 adders
  3 oozes
  4 worms
  A dart slug (D:2)
  A leopard gecko (D:3)
  3 orcs (D:3)
  4 giant cockroaches
  7 goblins
  5 hobgoblins
  3 jackals (D:2)
  8 kobolds
  2 quokkas
  2 bats (D:2)
  A frilled lizard (D:3)
  7 rats
60 creatures vanquished.

Notes
Turn   | Place    | Note
-------+----------+-------------------------------------------
     0 | D:1      | 2tousent the Draconian Transmuter began the quest for the
                  | Orb.
     0 | D:1      | Reached XP level 1. HP: 16/16 MP: 3/3
   260 | D:1      | Reached XP level 2. HP: 21/23 MP: 5/5
   723 | D:2      | Noticed Terence
   844 | D:2      | Reached XP level 3. HP: 6/28 MP: 6/6
  1003 | D:2      | Learned a level 3 spell: Spider Form
  1014 | D:2      | Found a faded altar of an unknown god.
  1045 | D:2      | Became a worshipper of Xom the Fickle
  1056 | D:2      | Fell from the grace of Xom
  1229 | D:2      | Reached skill level 1 in Poison Magic
  1229 | D:2      | Reached XP level 4. HP: 29/35 MP: 0/7
  1260 | D:2      | Killed Terence
  1320 | D:2      | Found a shimmering altar of Xom.
  1398 | D:2      | Found an ancient bone altar of Kikubaaqudgha.
  1433 | D:2      | Reached skill level 4 in Unarmed Combat
  1439 | D:2      | Learned a level 4 spell: Ice Form
  1458 | D:2      | XOM: 1-stop teleportation journey
  1568 | D:2      | Found a shimmering blue altar of Sif Muna.
  1603 | D:2      | XOM: medium Hex miscast
  1740 | D:3      | Found a sacrificial altar of Ru.
  1760 | D:3      | Reached XP level 5. HP: 11/40 MP: 1/8
  1762 | D:3      | HP: 2/40 [hobgoblin/+0 club (6)]
  2055 | D:3      | Became a worshipper of Ru the Awakened
  2113 | D:3      | XOM: medium Necr miscast
  2246 | D:3      | XOM: god gift: embroidered cloak {god gift}
  2414 | D:3      | Found a snail-covered altar of Cheibriados.
  2415 | D:3      | Found a glowing golden altar of the Shining One.
  2416 | D:3      | Found a hazy altar of Hepliaklqana.
  2462 | D:3      | XOM: give mutations
  2462 | D:3      | Gained mutation: Your body sometimes deteriorates upon
                  | taking damage. [Xom's mischief]
  2462 | D:3      | Gained mutation: You are weak. (Str -2) [Xom's mischief]
  2462 | D:3      | Lost mutation: Your body sometimes deteriorates upon taking
                  | damage. [Xom's mischief]
  2615 | D:3      | Reached skill level 1 in Ice Magic
  2618 | D:3      | HP: 1/40 [something (6)]
  2623 | D:3      | Slain by an orc wizard

Levels and vault maps discovered:
D:1:      minmay_arrival_shoal_huts, layout_basic
D:2:      layout_loops_cross, kiku_gazebo_garden_becter,
          lemuel_coloured_pillars_altar, lemuel_round_altar,
          chequers_ecumenical_altar_island, uniq_terence
D:3:      cheibrodos_pilgrimage, layout_loops_corners,
          nicolae_ru_great_annihilating_truth, nicolae_overflow_hidden_temple,
          chequers_jeans, kennysheep_orc_chapel

Skill      XL: |  1  2  3  4  5 |
---------------+----------------+-----
Transmutations | 3 |  3.4
Poison Magic   | 1 2 |  2.0
Unarmed Combat | 4 |  4.2
Ice Magic      | 1 |  1.0
Fighting       | |  1.1
Dodging        | |  1.7
Spellcasting   | |  2.7

Action                   |  1- 3 |  4- 6 || total
-------------------------+-------+-------++-------
Melee: Unarmed           |    95 |   112 ||   207
       Tailslap          |    11 |     6 ||    17
       Headbutt          |     2 |       ||     2
       Punch             |     2 |       ||     2
 Cast: Beastly Appendage |     3 |     2 ||     5
       Spider Form       |     6 |     8 ||    14
Invok: Renounce Religion |     1 |       ||     1
  Use: Potion            |       |     3 ||     3
 Stab: Paralysed         |       |     1 ||     1
       Sleeping          |       |     1 ||     1
  Eat: Chunk             |     1 |     6 ||     7
Armor: Skin              |    17 |    24 ||    41
Dodge: Dodged            |    63 |    70 ||   133

Table legend:
 A = Non-vault XP
 B = Vault XP
 C = Vault XP percentage of total XP
 D = Non-vault monster count
 E = Vault monster count
 F = Vault count percentage of total count
                 A         B        C        D         E       F
            +---------+---------+-------+---------+---------+-------
      Total |     183 |     104 |  36.2 |      51 |       9 |  15.0
            +---------+---------+-------+---------+---------+-------
        D:1 |      21 |       0 |   0.0 |       9 |       0 |   0.0
        D:2 |     111 |      36 |  24.5 |      29 |       1 |   3.3
        D:3 |      51 |      68 |  57.1 |      13 |       8 |  38.1
            +---------+---------+-------+---------+---------+-------
